 Dungeon Crawl Stone Soup version 0.28-a0-1510-gd0f6b136d3 (webtiles) character file.

Game seed: 18258704469353843070

632174 karrick the Conqueror (level 27, -27/199 HPs)
             Began as a Gargoyle Fighter on Jan 15, 2022.
             Was a High Priest of Zin.
             Killed from afar by an ancient lich (92 damage)
             ... with a crystal spear
             ... on level 5 of the Realm of Zot.
             The game lasted 04:19:02 (69926 turns).

karrick the Conqueror (Gargoyle Fighter)           Turns: 69926, Time: 04:19:03

Health: -27/199    AC: 46    Str: 28    XL:     27
Magic:  0/14       EV: 17    Int: 10    God:    Zin [*****.]
Gold:   4015       SH: 20    Dex: 26    Spells: 26/26 levels left

rFire   + + .      SeeInvis +   x - +8 war axe (antimagic)
rCold   + + .      Faith    +   c - +2 shield of Resistance {rF++ rC++ Will++}
rNeg    + . .      Spirit   +   X - +4 moon troll leather armour {Spirit, Regen++ MP+5}
rPois   ∞          Reflect  .   J - +2 helmet {SInv}
rElec   +          Harm     .   U - +2 cloak {rCorr}
rCorr   +          Rampage  .   M - +0 pair of fencer's gloves {Riposte Dex+3}
Will    +++++      Rage     1%  a - +1 pair of boots {Fly}
Stlth   ++++++.... Rnd*Tele +   L - amulet of faith
HPRegen 2.03/turn               D - ring of Wofakyxt {Str+4 Int+6 Dex-2 Slay+3}
MPRegen 0.14/turn               e - ring "Paituepi" {+Blink Fly Will+++ Int-5 Dex+6}

@: flying, studying 2 skills
A: sickness immunity, AC +20, big wings, negative energy resistance 1,
electricity resistance, torment resistance 1, petrification resistance,
iridescent scales 1, berserk 1, screaming 1, teleportitis 1, no potion heal 1,
subdued magic 1
}: 4/15 runes: serpentine, barnacled, silver, abyssal
a: Renounce Religion, Evoke Blink, Recite, Vitalisation, Imprison, Sanctuary,
Donate Gold


You were on level 5 of the Realm of Zot.
You worshipped Zin.
Zin was extremely pleased with you.
You visited 11 branches of the dungeon, and saw 52 of its levels.
You visited the Abyss 3 times.
You also visited: Bailey, Ice Cave and Desolation.

You collected 8959 gold pieces.
You spent 4770 gold pieces at shops.
You donated 174 gold pieces to Zin.

Inventory:

Hand Weapons
 g - the +8 great mace of Upheaval {antimagic, Fragile Str+5 Dex+9}
   (Okawaru gifted it to you on level 4 of the Lair of Beasts)

   It reduces the magical energy of the wielder, and disrupts the spells and
   magical abilities of those it strikes.
   Natural abilities and divine invocations are not affected.
   Str:       It affects your strength (+5).
   Dex:       It affects your dexterity (+9).
   Fragile:   It will be destroyed if unequipped.
 s - the +10 morningstar "Beast's Nightmare" {freeze, rF+++ Str-2 Int-2 SInv}
   (Okawaru gifted it to you on level 1 of the Elven Halls)

   It freezes those it strikes, dealing additional cold damage.
   It can also slow down cold-blooded creatures.
   Str:       It affects your strength (-2).
   Int:       It affects your intelligence (-2).
   rF:        It renders you almost immune to fire.
   SInv:      It lets you see invisible.
 x - a +8 antimagic war axe (weapon)
 K - the +5 scythe "Finisher" {speed, eviscerate}
   (You found it on level 12 of the Dungeon)

   Attacks with this weapon are significantly faster.
   It may eviscerate those it strikes, slaying them instantly, with a decreasing
   chance against stronger foes.
 O - the +9 broad axe of Termination {elec, rPois Str+2}
   (Okawaru gifted it to you on level 3 of the Crypt)

   It occasionally discharges a powerful burst of electricity upon striking a
   foe.
   Str:       It affects your strength (+2).
   rPois:     It protects you from poison.
 Y - the +8 mithril axe "Arga" {speed, Will+}
   (You acquired it on level 2 of the Vaults)

   Attacks with this weapon are significantly faster.
   Will:      It increases your willpower.
Missiles
 T - 30 javelins (quivered)
Armour
 a - a +1 pair of boots of flying (worn)
 c - the +2 shield of Resistance (worn) {rF++ rC++ Will++}
   (You found it on level 3 of the Elven Halls)

   rF:        It greatly protects you from fire.
   rC:        It greatly protects you from cold.
   Will:      It greatly increases your willpower.
 t - a +2 cloak of stealth
 z - the +1 cloak of Starlight {*Dazzle EV+4 Stlth--}
   (You found it in the Desolation of Salt)

   It may blind those who miss an attack against the wearer in melee combat.
   EV:        It affects your evasion (+4).
   Stlth:     It makes you much less stealthy.
 A - the +0 helmet of Vysmir {rCorr Dex+7}
   (You acquired it on level 1 of the Shoals)

   Dex:       It affects your dexterity (+7).
   rCorr:     It protects you from acid and corrosion.
 G - the +8 faerie dragon scales {rElec rCorr}
   (You took it off the Enchantress on level 2 of the Depths)

   rElec:     It insulates you from electricity.
   rCorr:     It protects you from acid and corrosion.
 J - a +2 helmet of see invisible (worn)
 M - the +0 pair of fencer's gloves (worn) {Riposte Dex+3}
   (You found it on level 3 of the Shoals)

   It allows the wearer to riposte with melee weapons, swiftly retaliating
   against missed attacks.
   Dex:       It affects your dexterity (+3).
 N - the +0 pair of gloves of the Slightly Bent {Will+ Int+4}
   (Okawaru gifted it to you on level 4 of the Shoals)

   Int:       It affects your intelligence (+4).
   Will:      It increases your willpower.
 Q - the +4 crystal plate armour "Nucobreq" {Will+ Slay+3}
   (Okawaru gifted it to you on level 2 of the Snake Pit)

   Slay:      It affects your accuracy & damage with ranged weapons and melee
   (+3).
   Will:      It increases your willpower.
 U - a +2 cloak of preservation (worn)
 X - the +4 moon troll leather armour (worn) {Spirit, Regen++ MP+5}
   (Okawaru gifted it to you on level 2 of the Shoals)

   MP:        It affects your magic capacity (+5).
   Regen:     It increases your rate of health regeneration.
Jewellery
 b - the ring "Woad" {rPois rCorr Int+2 Dex+6 Stlth+}
   (You found it in the Desolation of Salt)

   [ring of dexterity]

   Int:       It affects your intelligence (+2).
   Dex:       It affects your dexterity (+6).
   rPois:     It protects you from poison.
   rCorr:     It protects you from acid and corrosion.
   Stlth:     It makes you more stealthy.
 e - the ring "Paituepi" (right hand) {+Blink Fly Will+++ Int-5 Dex+6}
   (You bought it in a shop on level 3 of the Snake Pit)

   [ring of dexterity]

   Int:       It affects your intelligence (-5).
   Dex:       It affects your dexterity (+6).
   Fly:       It grants you flight.
   +Blink:    It lets you blink.
   Will:      It greatly increases your willpower.
 m - the ring "Rafeegiff" {rF+ rN+ MP+9 Str+4}
   (You acquired it on level 2 of the Snake Pit)

   [ring of positive energy]

   Str:       It affects your strength (+4).
   rF:        It protects you from fire.
   rN:        It protects you from negative energy.
   MP:        It affects your magic capacity (+9).
 u - the ring of Qosissaf {rF+ rC- Dex+5 Slay+4}
   (You took it off a deep elf death mage on level 3 of the Elven Halls)

   [ring of slaying]

   Dex:       It affects your dexterity (+5).
   Slay:      It affects your accuracy & damage with ranged weapons and melee
   (+4).
   rF:        It protects you from fire.
   rC:        It makes you vulnerable to cold.
 v - the ring "Ohycisch" {rElec rF+ rC+ Int+6}
   (You took it off a deep elf blademaster on level 3 of the Elven Halls)

   [ring of intelligence]

   Int:       It affects your intelligence (+6).
   rF:        It protects you from fire.
   rC:        It protects you from cold.
   rElec:     It insulates you from electricity.
 D - the ring of Wofakyxt (left hand) {Str+4 Int+6 Dex-2 Slay+3}
   (You found it on level 2 of the Snake Pit)

   [ring of intelligence]

   Str:       It affects your strength (+4).
   Int:       It affects your intelligence (+6).
   Dex:       It affects your dexterity (-2).
   Slay:      It affects your accuracy & damage with ranged weapons and melee
   (+3).
 E - the ring of Shadows {Umbra +Inv Stlth+}
   (You took it off a deep elf annihilator on level 3 of the Elven Halls)

   [ring of stealth]

   It surrounds you with an aura of shadow, increasing your stealth and reducing
   the accuracy of all others within it.
   +Inv:      It lets you turn invisible.
   Stlth:     It makes you more stealthy.
 L - an amulet of faith (around neck)
 Z - the amulet of the Median {Regen+ Int+4 Dex+5}
   (You took it off a deep elf master archer on level 3 of the Elven Halls)

   [amulet of regeneration]

   Int:       It affects your intelligence (+4).
   Dex:       It affects your dexterity (+5).
   Regen:     It increases your rate of health regeneration.
Wands
 C - a wand of flame (10)
Scrolls
 h - 5 scrolls of fear
 i - 6 scrolls of blinking
 k - 4 scrolls of immolation
 l - 3 scrolls of silence
 n - 24 scrolls of identify
 q - 11 scrolls of fog
 y - 11 scrolls of enchant armour
 B - 9 scrolls of teleportation
 F - 5 scrolls of holy word
 I - 7 scrolls of magic mapping
 P - 3 scrolls of enchant weapon
Potions
 d - 4 potions of might
 f - 3 potions of brilliance
 j - 4 potions of invisibility
 o - 2 potions of resistance
 p - 13 potions of mutation
 r - 18 potions of curing
 w - 5 potions of lignification
 H - 6 potions of cancellation
 R - 5 potions of haste
 S - 10 potions of ambrosia
 V - a potion of berserk rage {unknown}
 W - 7 potions of heal wounds


   Skills:
 O Level 27 Fighting
 + Level 20.9(24.6) Axes
 + Level 23.9(27) Maces & Flails
 + Level 4.2 Throwing
 * Level 19.0 Armour
 - Level 6.4 Dodging
 + Level 12.6 Stealth
 + Level 21.4 Shields
 * Level 20.8 Invocations
 - Level 1.6 Evocations


You had 26 spell levels left.
You didn't know any spells.
Your spell library contained the following spells:

 Spells                   Type           Power      Damage    Failure   Level
 Animate Skeleton         Necr           0%         N/A       41%         1
 Freeze                   Ice            0%         1d3       41%         1
 Magic Dart               Conj           0%         1d3       41%         1
 Pain                     Necr           0%         1d4       41%         1
 Shock                    Conj/Air       0%         1d3       41%         1
 Sting                    Tmut/Pois      0%         1d3       41%         1
 Blink                    Tloc           0%         N/A       56%         2
 Call Imp                 Summ           0%         N/A       56%         2
 Corpse Rot               Necr/Air       0%         N/A       56%         2
 Ensorcelled Hibernation  Hex/Ice        0%         N/A       56%         2
 Passwall                 Tmut/Erth      0%         N/A       56%         2
 Poisonous Vapours        Pois/Air       0%         N/A       56%         2
 Scorch                   Fire           0%         2d5       56%         2
 Static Discharge         Conj/Air       0%         N/A       56%         2
 Call Canine Familiar     Summ           0%         N/A       80%         3
 Conjure Flame            Conj/Fire      0%         6-21      80%         3
 Dazzling Flash           Conj/Hex       0%         N/A       80%         3
 Frozen Ramparts          Ice            0%         1d2       80%         3
 Gell's Gravitas          Tloc           0%         N/A       80%         3
 Ignite Poison            Fire/Tmut/Pois 0%         N/A       80%         3
 Inner Flame              Hex/Fire       0%         N/A       80%         3
 Lesser Beckoning         Tloc           0%         N/A       80%         3
 Mephitic Cloud           Conj/Pois/Air  0%         N/A       80%         3
 Ozocubu's Armour         Ice            0%         N/A       80%         3
 Portal Projectile        Hex/Tloc       0%         N/A       80%         3
 Spider Form              Tmut/Pois      0%         N/A       80%         3
 Swiftness                Air            0%         N/A       80%         3
 Teleport Other           Tloc           0%         N/A       80%         3
 Tukima's Dance           Hex            0%         N/A       80%         3
 Vampiric Draining        Necr           0%         2d6       80%         3
 Airstrike                Air            0%         N/A       99%         4
 Anguish                  Hex/Necr       0%         N/A       99%         4
 Animate Armour           Summ/Erth      0%         N/A       99%         4
 Animate Dead             Necr           0%         N/A       99%         4
 Cause Fear               Hex            0%         N/A       99%         4
 Dispel Undead            Necr           0%         3d6       99%         4
 Flame Wave               Conj/Fire      0%         2d4       99%         4
 Fulminant Prism          Conj/Hex       0%         3d6       99%         4
 Hailstorm                Conj/Ice       0%         3d3       99%         4
 Ice Form                 Ice/Tmut       0%         N/A       99%         4
 Iskenderun's Mystic Bla  Conj/Tloc      0%         2d3       99%         4
 Leda's Liquefaction      Hex/Erth       0%         N/A       99%         4
 Olgreb's Toxic Radiance  Pois           0%         N/A       99%         4
 Passage of Golubria      Tloc           0%         N/A       99%         4
 Petrify                  Tmut/Erth      0%         N/A       99%         4
 Sticky Flame             Conj/Fire      0%         2d3       99%         4
 Summon Lightning Spire   Summ/Air       0%         N/A       99%         4
 Agony                    Necr           0%         N/A       100%        5
 Blade Hands              Tmut           0%         N/A       100%        5
 Excruciating Wounds      Necr           0%         N/A       100%        5
 Fireball                 Conj/Fire      0%         3d3       100%        5
 Irradiate                Conj/Tmut      0%         3d13      100%        5
 Lee's Rapid Deconstruct  Erth           0%         3d5*      100%        5
 Manifold Assault         Tloc           0%         N/A       100%        5
 Metabolic Englaciation   Hex/Ice        0%         N/A       100%        5
 Silence                  Hex/Air        0%         N/A       100%        5
 Yara's Violent Unravell  Hex/Tmut       0%         3d3       100%        5
 Conjure Ball Lightning   Conj/Air       0%         3x3d6     100%        6
 Death Channel            Necr           0%         N/A       100%        6
 Dispersal                Tloc           0%         N/A       100%        6
 Iron Shot                Conj/Erth      0%         9d1       100%        6
 Simulacrum               Ice/Necr       0%         N/A       100%        6
 Starburst                Conj/Fire      0%         6d3       100%        6
 Dragon Form              Tmut           0%         N/A       100%        7
 Enfeeble                 Hex            0%         N/A       100%        7
 Haunt                    Necr/Summ      0%         N/A       100%        7
 Ozocubu's Refrigeration  Ice            0%         4d5       100%        7
 Storm Form               Tmut/Air       0%         N/A       100%        7
 Discord                  Hex            0%         N/A       100%        8
 Disjunction              Tloc           0%         N/A       100%        8
 Ignition                 Fire           0%         3d3       100%        8
 Lehudib's Crystal Spear  Conj/Erth      0%         10d2      100%        8
 Maxwell's Capacitive Co  Air            0%         ∞         100%        8
 Necromutation            Tmut/Necr      0%         N/A       100%        8
 Death's Door             Necr           0%         N/A       100%        9
 Sublimation of Blood     Necr           Unusable   N/A       N/A         2
 Statue Form              Tmut/Erth      Unusable   N/A       N/A         6

Dungeon Overview and Level Annotations

Branches:
Dungeon (15/15)            Temple (1/1) D:7            Lair (6/6) D:8
 Shoals (4/4) Lair:2        Snake (4/4) Lair:2        Slime (0/5) Lair:6
    Orc (2/2) D:10            Elf (3/3) Orc:2        Vaults (5/5) D:13
  Crypt (3/3) Vaults:3       Tomb (0/3) Crypt:3      Depths (4/4) D:15
    Zot (5/5) Depths:4     Bailey (visited)           IceCv (visited)
Desolation (visited)

Altars:
Ashenzari
Cheibriados
Dithmenos
Elyvilon
Fedhas
Gozag
Hepliaklqana
Kikubaaqudgha
Makhleb
Nemelex Xobeh
Okawaru
Qazlal
Ru
Sif Muna
Trog
Uskayaw
Vehumet
Wu Jian
Xom
Yredelemnul
Zin
The Shining One
Beogh
Jiyva

Shops:
D:11 ?   Orc:2 [!?*   Elf:1 =*:?   Shoals:3 !   Shoals:4 [   Snake:3 =:=
Snake:4 *   Depths:1 ?

Portals:
Hell: Depths:1 Depths:2 Depths:3 Depths:4
Abyss: Depths:3
Pandemonium: Depths:2 Depths:3
Ziggurat: Depths:2
Trove: Vaults:2 (give 4 potions of resistance)

Annotations:
Depths:1 6 transporters
Zot:4 1 runed translucent door, Etiafa's ghost, legendary TrWz


Innate Abilities, Weirdness & Mutations

You are immune to sickness and miasma.
Your stone body is resilient. (AC +20)
You are immune to poison.
Your large and strong wings let you fly.
You resist negative energy. (rN+)
You are resistant to electric shocks. (rElec)
You are resistant to unholy torment.
You are immune to petrification.
You are partially covered in iridescent scales. (AC +2)
You tend to lose your temper in combat.
You occasionally shout uncontrollably at your foes.
You are occasionally teleported next to monsters.
Potions are less effective at restoring your health.
Your spells are a little easier to cast, but a little less powerful.


Message History

Okay, then.
You see here a moth of wrath corpse.
An ancient lich comes into view.
You see here a moth of wrath corpse.
The ancient lich points at you and mumbles some strange words.
You resist with almost no effort.
The ancient lich casts a spell.
The ancient lich flickers and vanishes for a moment.
You see here a moth of wrath corpse.
The dread lich gestures wildly while chanting.
The ancient lich gestures at you while chanting.
The crystal spear hits you!!!
You completely miss the ancient lich.
You hit the ancient lich but do no damage.
The ancient lich touches you but does no damage.
You slash the ancient lich!
The ancient lich's magic leaks into the air.
The ancient lich is lightly damaged.
The hellion gestures at you.
The sphere of damnation explodes!
The damnation engulfs you!!
The damnation engulfs the ancient lich!!
The ancient lich points at you and mumbles some strange words.
The crystal spear hits you!!!
An orb of fire comes into view.
You yell at the orb of fire!
You hear a roar!
Unknown command.
Blink to where?
Press: ? - help, Dir - move target
As you read the scroll of blinking, it crumbles to dust.
Things that are here:
quicksilver dragon scales; a quicksilver dragon skeleton You see here a +0 trident.
An ancient lich comes into view.
The ancient lich shouts!
The ancient lich casts a spell at you. The crystal spear hits you!!!
The ancient lich gestures at you while chanting.
The crystal spear hits you!!!!
You die...

,,,,,,,,** #....[..L.....# ##..
,,,,,,,** ##.........[...## ##.
,^,,,,** #..........)....# ##
#######▓▓* ########.########▓▓▓▓#
.....*#..* #...#...#.#..# #...#
....###..## ##..##...##...###..##
#....#*#..###)).##...##.#..#...#
#....###.....#).#.L.....###...##
......###...###)@.###...####..###
......[.....##.....#.....###.....
.....<.[...................#.....
.............................####
....######...................#
.#### #...................# .##
#..####...).........# ..# #..#
#####......^.## ..### #..##
#####....#


You could see an ancient lich.

Vanquished Creatures
  6 dread liches
  An ancient lich (Crypt:3)
  6 orbs of fire
  A royal mummy (Crypt:3)
  Boris (Depths:4)
  3 Killer Klowns
  Margery (Crypt:1)
  3 curse toes
  Frederick (Crypt:1)
  Vashnia (Snake:4)
  A caustic shrike (Depths:3)
  2 bone dragons
  the Enchantress (Depths:2)
  Jory (Depths:4)
  14 golden dragons
  4 electric golems
  Rupert (Lair:2)
  19 tentacled monstrosities
  10 liches
  A shard shrike skeleton (Crypt:1)
  14 titans
  10 Orb Guardians (Zot:5)
  A walking divine tome (Depths:2)
  5 deep elf blademasters
  Asterion (Depths:1)
  9 quicksilver dragons
  The ghost of Aridwog the Warrior, an adept FoFi of Ashenzari (Snake:4)
  2 deep elf master archers (Elf:3)
  9 death cobs
  A kraken (Shoals:4)
  4 sphinxes
  An ancient champion (Crypt:1)
  Agnes (Elf:1)
  A tentacled starspawn (Abyss:2)
  12 storm dragons
  10 shadow dragons
  4 revenants
  8 tengu reavers
  A daeva (Abyss:2)
  Ilsuiw (Shoals:4)
  14 fire giants
  4 nagarajas (Snake:4)
  11 draconian monks
  11 frost giants
  2 iron dragons (Vaults:5)
  3 draconian knights
  Aizul (Vaults:3)
  An orc warlord (Vaults:3)
  19 vault wardens
  A caustic shrike zombie (Crypt:3)
  6 draconian scorchers
  4 curse skulls
  4 deep elf sorcerers
  A ghost moth (Zot:5)
  7 draconian annihilators
  3 reapers (Crypt:3)
  13 draconian shifters
  3 draconian stormcallers
  3 juggernaut zombies
  3 ghouls (Crypt:1)
  6 deep elf elementalists (Elf:3)
  19 ironbound preservers
  3 spriggan defenders (Depths:2)
  6 war gargoyles
  27 very ugly things
  A juggernaut skeleton (Crypt:3)
  6 deep elf demonologists
  8 vampire knights
  5 ironbound thunderhulks
  32 stone giants
  14 green draconians
  7 deep elf annihilators
  A caustic shrike skeleton (Crypt:2)
  15 white draconians
  10 red draconians
  8 yellow draconians
  2 demonspawn black suns (Zot:2)
  The ghost of a3don the Tainter, a journeyman GrVM of Fedhas (Lair:6)
  10 purple draconians
  11 black draconians
  7 spark wasps (Depths:1)
  A halazid warlock (Desolation)
  13 dire elephants
  10 ettins
  2 blizzard demons (Abyss:4)
  6 merfolk impalers
  11 eidola
  3 crystal guardians
  5 fire dragons
  16 deep elf death magi
  2 quicksilver dragon zombies (Crypt:3)
  4 merfolk javelineers
  5 deep elf high priests
  9 ragged hierophants (Desolation)
  5 spriggan zombies
  3 salamander tyrants
  13 yaktaur captains
  3 jiangshi
  4 ice dragons
  32 vault guards
  7 great orbs of eyes
  14 naga warriors
  12 servants of whispers (Desolation)
  10 rakshasas
  8 hydras
  A hell beast (Depths:3)
  6 ironbound frosthearts
  An alligator snapping turtle (Shoals:2)
  17 anacondas
  2 boulder beetles
  4 spriggan air magi
  A death knight (Crypt:2)
  20 peacekeepers
  5 merfolk aquamancers (Shoals:4)
  5 merfolk avatars
  6 ogre magi
  7 two-headed ogres
  A two-headed ogre (shapeshifter) (Depths:2)
  5 deep troll earth magi
  The ghost of fragbeetle the Geomancer, a journeyman GrEE of Gozag (D:9)
  2 tengu warriors (D:15)
  3 satyrs
  29 dancing weapons
  5 orc high priests
  15 centaur warriors
  6 deep troll shamans
  5 thrashing horrors
  3 spriggan berserkers
  5 vampire magi
  A hell hog (Depths:3)
  7 shock serpents
  12 hell knights
  19 deep elf knights
  5 soul eaters
  A storm dragon zombie (Depths:2)
  A sun demon (Depths:2)
  16 naga sharpshooters
  A sixfirhy (Abyss:2)
  8 iron trolls
  12 skeletal warriors
  A golden dragon zombie (Depths:3)
  5 salamander mystics
  A shadow wraith (Abyss:2)
  3 titan skeletons
  A storm dragon skeleton (Depths:3)
  55 deep trolls
  An orb spider (shapeshifter) (Vaults:5)
  4 spatial maelstroms
  3 anaconda zombies (Crypt:3)
  12 sea snakes
  5 wretched stars
  4 glowing orange brains
  A tengu zombie (Depths:2)
  8 naga ritualists
  2 flayed ghosts
  A quicksilver dragon simulacrum (Depths:3)
  A spectral hydra (Lair:6)
  27 necromancers
  A shadow dragon zombie (Depths:3)
  2 bog bodies (Crypt:1)
  20 phantasmal warriors
  28 ironbound convokers
  8 lindwurms
  3 orc knights
  17 deep elf archers
  An orange crystal statue (D:10)
  10 wizards
  A glowing shapeshifter (Depths:3)
  24 deep elf zephyrmancers
  38 harpies
  3 stone giant zombies
  5 orc sorcerers
  29 deep elf pyromancers
  A frost giant zombie (Depths:2)
  2 wolf spiders
  2 shadow dragon skeletons
  46 ugly things
  11 mana vipers
  3 cyclopes
  A fire giant zombie (Depths:2)
  A wolf spider (shapeshifter) (Vaults:5)
  8 slime creatures
  A wolf spider zombie (Crypt:2)
  A worldbinder (Abyss:3)
  26 salamanders
  3 stone giant skeletons
  13 manticores
  7 fauns
  A tengu skeleton (Vaults:5)
  6 elephants
  26 moths of wrath
  22 vault sentinels
  42 black mambas
  A rust devil (Depths:2)
  5 merfolk sirens
  4 human skeletons
  17 naga magi
  An eleionoma skeleton (Crypt:2)
  7 guardian serpents
  2 ice statues (IceCv)
  A gargoyle (D:11)
  4 water nymphs
  A molten gargoyle (Desolation)
  4 torpor snails (Lair:6)
  7 smoke demons
  22 cane toads
  A dire elephant skeleton (Crypt:1)
  2 naga skeletons
  An orange demon (Abyss:1)
  A rime drake (shapeshifter) (Elf:2)
  3 kobold demonologists
  7 rime drakes
  An efreet (D:15)
  A demonic crawler (Abyss:3)
  2 tormentors
  7 freezing wraiths
  6 komodo dragons
  An unseen horror (D:10)
  2 golden dragon simulacra
  4 guardian mummies
  43 yaktaurs
  6 human zombies
  16 hellwings
  2 ice devils (D:12)
  A troll (shapeshifter) (Abyss:1)
  3 ancient zymes
  2 harpy zombies (Crypt:3)
  31 merfolk
  A hydra zombie (Crypt:3)
  A queen bee (Lair:1)
  10 trolls
  A tyrant leech (shapeshifter) (Vaults:5)
  2 polar bears
  2 wind drakes
  A yaktaur skeleton (Vaults:5)
  A shadow dragon simulacrum (Depths:1)
  11 blink frogs
  A merfolk (shapeshifter) (Vaults:5)
  A death drake skeleton (Crypt:1)
  2 tyrant leeches (Lair:6)
  83 saltlings (Desolation)
  10 hornets
  A tengu simulacrum (Depths:1)
  A wind drake (shapeshifter) (Depths:1)
  Grinder (D:3)
  An iron dragon simulacrum (Depths:3)
  9 snapping turtles
  A harpy skeleton (Crypt:3)
  13 dream sheep
  6 raiju
  A frost giant simulacrum (Depths:2)
  3 starcursed masses (Abyss:2)
  Sigmund (D:3)
  16 large abominations
  2 flying skulls
  A human simulacrum (Vaults:2)
  A stone giant simulacrum (Depths:1)
  4 spriggan skeletons
  7 jumping spiders (Crypt:3)
  A deep troll skeleton (Vaults:5)
  A shadow (D:11)
  2 vampires
  2 ynoxinuls (Abyss:2)
  7 spriggans
  An air elemental (Elf:3)
  2 ettin skeletons (Crypt:3)
  12 wraiths
  5 wyverns
  8 water elementals
  44 yaks
  5 fire elementals
  23 humans
  6 chaos spawn
  Eustachio (D:5)
  3 basilisks
  4 neqoxecs
  5 fire bats
  2 redbacks (Crypt:3)
  A steam dragon (D:9)
  7 vampire mosquitoes
  6 wargs
  A spatial vortex (Abyss:3)
  Menkaure (D:6)
  A spectral cane toad (Lair:6)
  2 acid dragons
  16 water moccasins
  33 nagas
  A hornet zombie (D:9)
  A demonspawn skeleton (Crypt:1)
  30 orc warriors
  A swamp drake (D:10)
  An ice beast (D:7)
  3 sky beasts
  4 black bears
  An ettin simulacrum (Vaults:2)
  8 ogres
  A dream sheep zombie (Crypt:1)
  2 black mamba simulacra (Lair:6)
  A boggart (D:12)
  A snapping turtle skeleton (Crypt:1)
  9 wolves
  15 centaurs
  11 kobold brigands
  A wyvern zombie (D:8)
  15 bullfrogs
  2 elf zombies (Elf:1)
  2 scorpions
  A glowing shapeshifter simulacrum (Depths:3)
  A naga simulacrum (Abyss:2)
  2 water moccasin zombies
  5 wyvern skeletons (Crypt:3)
  An earth elemental (Elf:2)
  11 small abominations
  44 killer bees
  A dream sheep simulacrum (Lair:6)
  A lindwurm simulacrum (IceCv)
  10 wights
  6 howler monkeys
  2 electric eels
  A bullfrog zombie (D:5)
  8 komodo dragon simulacra (IceCv)
  2 quasits (Abyss:2)
  A gnoll shaman (D:9)
  5 centaur zombies
  2 centaur skeletons
  Crazy Yiuf (D:4)
  26 orc priests
  5 hounds
  A bullfrog skeleton (D:5)
  4 iron imps
  3 iguanas
  Ijyb (D:3)
  31 orc wizards
  4 hell rats (Lair:6)
  6 lightning spires (Abyss:4)
  A centaur simulacrum (D:9)
  A felid zombie (Crypt:2)
  A demigod skeleton (Crypt:2)
  3 hound skeletons
  5 mummies
  6 acid dragon simulacra (IceCv)
  7 adders
  5 gnolls
  A shadow imp (D:5)
  3 white imps
  6 steam dragon simulacra (IceCv)
  2 ufetubi
  A worm zombie (Crypt:2)
  An adder skeleton (D:4)
  A halfling skeleton (Crypt:1)
  4 worms
  A dart slug (D:4)
  85 orcs
  9 ball pythons
  4 endoplasms
  4 giant cockroaches
  12 goblins
  4 hobgoblins
  5 jackals
  3 quokkas
  A ball python zombie (Crypt:1)
  7 bats
  6 frilled lizards
  23 kobolds
  6 rats
  2 tentacles (Shoals:4)
  A withered plant (Crypt:3)
2605 creatures vanquished.

Vanquished Creatures (others)
  An ancient lich (Crypt:2)
  An ancient champion (Crypt:2)
  A draconian stormcaller (Zot:2)
  A deep elf archer (Elf:2)
  A wizard (D:13)
  A merfolk siren (Shoals:2)
  29 fungi
  A lurking horror (Abyss:3)
  116 plants
  3 starspawn tentacles (Abyss:2)
  7 tentacles (Shoals:4)
  14 withered plants (Crypt:3)
176 creatures vanquished.

Grand Total: 2781 creatures vanquished

Notes
Turn   | Place    | Note
-------+----------+-------------------------------------------
     0 | D:1      | karrick the Gargoyle Fighter began the quest for the Orb.
     0 | D:1      | Reached XP level 1. HP: 14/14 MP: 1/1
   253 | D:1      | Reached XP level 2. HP: 13/19 MP: 2/2
  1041 | D:1      | Found a faded altar of an unknown god.
  1084 | D:2      | Reached XP level 3. HP: 22/23 MP: 3/3
  1327 | D:2      | You fall into a shaft and drop 2 floors!
  1417 | D:4      | Reached XP level 4. HP: 16/28 MP: 4/4
  1749 | D:4      | Reached XP level 5. HP: 20/33 MP: 5/5
  1762 | D:5      | Entered Level 5 of the Dungeon
  2304 | D:4      | Found a runed translucent door.
  2305 | D:4      | Noticed Crazy Yiuf
  2350 | D:4      | Reached skill level 4 in Fighting
  2350 | D:4      | Reached XP level 6. HP: 32/38 MP: 6/6
  2789 | D:4      | Killed Crazy Yiuf
  3039 | D:4      | Identified the +6 mace "Liprao" {flame, +Blink rElec Int+4}
  3070 | D:3      | Noticed Ijyb
  3078 | D:3      | Killed Ijyb
  3191 | D:3      | Reached skill level 5 in Maces & Flails
  3394 | D:3      | Noticed Sigmund
  3400 | D:3      | Killed Sigmund
  3401 | D:3      | Reached skill level 1 in Dodging
  3401 | D:3      | Reached XP level 7. HP: 43/43 MP: 7/7
  3465 | D:3      | Noticed Grinder
  3466 | D:3      | Paralysed by Grinder for 3 turns
  3477 | D:3      | Killed Grinder
  3478 | D:3      | Reached skill level 5 in Armour
  4445 | D:4      | Reached skill level 1 in Stealth
  4445 | D:4      | Reached XP level 8. HP: 48/48 MP: 8/8
  4526 | D:5      | Noticed Eustachio
  4540 | D:5      | Killed Eustachio
  4541 | D:5      | Reached skill level 5 in Fighting
  5047 | D:6      | Noticed Menkaure
  5053 | D:6      | Killed Menkaure
  5080 | D:6      | Reached XP level 9. HP: 55/55 MP: 9/9
  5151 | D:6      | Reached skill level 5 in Shields
  5711 | D:7      | Reached skill level 6 in Fighting
  6261 | D:7      | Found a staircase to the Ecumenical Temple.
  6411 | Temple   | Entered the Ecumenical Temple
  6680 | Temple   | Became a worshipper of Warmaster Okawaru
  6771 | D:8      | Reached XP level 10. HP: 61/61 MP: 10/10
  6790 | D:8      | Found a staircase to the Lair.
  7451 | D:9      | Found a flagged portal.
  7463 | Bailey   | Entered a bailey
  7483 | Bailey   | Reached * piety under Okawaru
  7484 | Bailey   | Reached skill level 10 in Maces & Flails
  7724 | Bailey   | Reached skill level 7 in Fighting
  7853 | Bailey   | Noticed a vault guard
  7918 | Bailey   | Noticed Prince Ribbit
  7918 | Bailey   | Noticed a vault guard
  8110 | D:9      | Reached ** piety under Okawaru
  8202 | D:9      | Found an opulent altar of Gozag.
  8743 | D:9      | Reached *** piety under Okawaru
  8889 | D:9      | Reached XP level 11. HP: 67/67 MP: 11/11
  8972 | D:9      | Found a runed translucent gate.
  8972 | D:9      | Found a runed translucent gate.
  8972 | D:9      | Found a runed translucent gate.
  8973 | D:9      | Noticed fragbeetle's ghost (journeyman GrEE)
  9508 | D:10     | Entered Level 10 of the Dungeon
  9570 | D:10     | Found a staircase to the Orcish Mines.
  9722 | D:10     | Noticed a two-headed ogre
  9729 | D:10     | Killed a two-headed ogre
 10085 | D:10     | Reached **** piety under Okawaru
 10164 | D:10     | Noticed an orange crystal statue
 10312 | D:10     | Reached skill level 1 in Evocations
 10320 | D:10     | Reached skill level 8 in Fighting
 10997 | D:10     | Noticed a centaur warrior
 11111 | D:10     | Reached skill level 5 in Dodging
 11444 | D:11     | Found Onikhly's Magic Scroll Boutique.
 11452 | D:11     | Bought a scroll of teleportation for 48 gold pieces
 11825 | D:11     | Noticed a manticore
 11833 | D:11     | Killed a manticore
 11833 | D:11     | Reached ***** piety under Okawaru
 11971 | D:11     | Noticed a red ugly thing
 11988 | D:11     | Killed a red ugly thing
 12651 | D:12     | Found a frozen archway.
 12668 | IceCv    | Entered an ice cave
 12775 | IceCv    | Reached XP level 12. HP: 75/75 MP: 12/12
 12912 | IceCv    | Identified the amulet of Teceyriu {Regen+ Str+2}
 13592 | IceCv    | Received a gift from Okawaru
 14040 | IceCv    | Noticed a white draconian
 14077 | IceCv    | Killed a white draconian
 14078 | IceCv    | Reached skill level 9 in Fighting
 14084 | IceCv    | Reached skill level 1 in Invocations
 14858 | D:12     | Noticed a two-headed ogre
 14866 | D:12     | Killed a two-headed ogre
 14866 | D:12     | Reached ****** piety under Okawaru
 14972 | D:12     | Found the +5 scythe "Finisher" {speed, eviscerate}
 15039 | D:12     | Noticed a two-headed ogre
 15060 | D:12     | Killed a two-headed ogre
 15075 | D:12     | Received a gift from Okawaru
 15761 | D:12     | Noticed an ogre mage
 15771 | D:12     | Killed an ogre mage
 15782 | D:12     | Noticed a boulder beetle
 15784 | D:12     | Paralysed by a centaur for 7 turns
 16064 | D:13     | Noticed a centaur warrior
 16077 | D:13     | Killed a centaur warrior
 16363 | D:13     | Noticed a five-headed hydra
 16378 | D:13     | Killed a one-headed hydra
 16378 | D:13     | Identified the +2 scale mail of the Saviour {Rampage rPois
                  | Regen+} (Okawaru gifted it to you on level 13 of the
                  | Dungeon)
 16378 | D:13     | Received a gift from Okawaru
 16561 | D:13     | Found a blossoming altar of Fedhas.
 16583 | D:13     | Reached XP level 13. HP: 82/82 MP: 16/16
 16639 | D:13     | Reached skill level 10 in Fighting
 16643 | D:13     | Reached skill level 5 in Invocations
 16820 | D:13     | Found a gate to the Vaults.
 16820 | D:13     | Noticed a vault guard
 16907 | D:14     | Cast into level 2 of the Abyss (a wizard)
 16969 | Abyss:2  | Noticed a bone dragon
 16995 | Abyss:2  | Killed a bone dragon
 17174 | Abyss:2  | Noticed a tentacled starspawn
 17218 | Abyss:2  | Killed a tentacled starspawn
 17263 | Abyss:2  | Identified the +0 tower shield "Qotoapak" {Int+4}
 17263 | Abyss:2  | Noticed a daeva
 17294 | Abyss:2  | Killed a daeva
 17328 | D:14     | Escaped the Abyss
 17543 | D:14     | Reached skill level 1 in Axes
 17654 | D:14     | Reached skill level 10 in Armour
 18151 | D:14     | Identified the +4 broad axe "Enusytex" {vorpal, Str+3}
                  | (Okawaru gifted it to you on level 14 of the Dungeon)
 18151 | D:14     | Received a gift from Okawaru
 18355 | D:15     | Entered Level 15 of the Dungeon
 18655 | D:15     | Reached skill level 10 in Shields
 18758 | D:15     | Found a white marble altar of Elyvilon.
 19041 | D:15     | Received a gift from Okawaru
 19047 | D:15     | Reached skill level 11 in Fighting
 19264 | D:15     | Found a staircase to the Depths.
 19264 | D:15     | Noticed a stone giant
 19276 | D:15     | Killed a stone giant
 19292 | D:15     | Gained mutation: Your large and strong wings let you fly.
                  | [Gargoyle growth]
 19292 | D:15     | Reached XP level 14. HP: 49/90 MP: 15/19
 20213 | D:9      | Killed fragbeetle's ghost
 20333 | Lair:1   | Entered Level 1 of the Lair of Beasts
 20769 | Lair:1   | Reached skill level 12 in Fighting
 21424 | Lair:2   | Found a staircase to the Shoals.
 21479 | Lair:2   | Found a staircase to the Snake Pit.
 21576 | Lair:2   | Identified a scroll of acquirement
 21653 | Lair:2   | Identified the +3 morningstar "Puateg" {chaos, SInv}
                  | (Okawaru gifted it to you on level 2 of the Lair of Beasts)
 21653 | Lair:2   | Received a gift from Okawaru
 22256 | Lair:3   | Noticed Rupert
 22378 | Lair:3   | Reached skill level 1 in Throwing
 23278 | Lair:4   | Identified the +8 great mace of Upheaval {antimagic,
                  | Fragile Str+5 Dex+9} (Okawaru gifted it to you on level 4
                  | of the Lair of Beasts)
 23278 | Lair:4   | Received a gift from Okawaru
 23333 | Lair:4   | Reached skill level 13 in Fighting
 23522 | Lair:4   | You are sucked into a shaft and drop 2 floors!
 23522 | Lair:6   | Entered Level 6 of the Lair of Beasts
 23693 | Lair:6   | Reached XP level 15. HP: 99/99 MP: 21/21
 23862 | Lair:5   | Reached skill level 15 in Maces & Flails
 25285 | Lair:6   | Identified the +0 pair of gloves of the Assorted Knaves
                  | {Rampage rPois Str+4 Dex-3} (Okawaru gifted it to you on
                  | level 6 of the Lair of Beasts)
 25285 | Lair:6   | Received a gift from Okawaru
 25380 | Lair:6   | Found a runed translucent door.
 25776 | Lair:6   | Found a runed translucent gate.
 25777 | Lair:6   | Found a runed translucent gate.
 25804 | Lair:6   | Reached skill level 14 in Fighting
 25812 | Lair:6   | Found a runed translucent gate.
 25856 | Lair:6   | Noticed a3don's ghost (journeyman GrVM)
 26104 | Lair:6   | Found a viscous altar of Jiyva.
 26105 | Lair:6   | Found a staircase to the Slime Pits.
 26552 | Lair:6   | Killed a3don's ghost
 26879 | Orc:1    | Entered Level 1 of the Orcish Mines
 26899 | Orc:1    | Paralysed by an orc sorcerer for 7 turns
 26907 | Orc:1    | Identified the +1 crystal plate armour "Vemisoh" {Str+4
                  | Dex+2} (Okawaru gifted it to you on level 1 of the Orcish
                  | Mines)
 26907 | Orc:1    | Received a gift from Okawaru
 27187 | Orc:2    | Entered Level 2 of the Orcish Mines
 27666 | Orc:2    | Found a staircase to the Elven Halls.
 27926 | Orc:2    | Found Inoemeck's Armour Shoppe.
 27926 | Orc:2    | Found Metomnor's Magic Scroll Emporium.
 27927 | Orc:2    | Found Nyb Vits's General Store.
 27931 | Orc:2    | Found Joja's Distillery.
 27936 | Orc:2    | Bought a scroll of teleportation for 33 gold pieces
 27937 | Orc:2    | Bought a scroll of enchant weapon for 97 gold pieces
 27937 | Orc:2    | Bought a scroll of enchant armour for 97 gold pieces
 27937 | Orc:2    | Bought a scroll of teleportation for 39 gold pieces
 27937 | Orc:2    | Bought a scroll of acquirement for 676 gold pieces
 27938 | Orc:2    | Bought a +2 helmet of see invisible for 258 gold pieces
 28544 | Shoals:1 | Entered Level 1 of the Shoals
 28553 | Shoals:1 | Reached skill level 5 in Axes
 28582 | Shoals:1 | Acquired the +0 helmet of Vysmir {rCorr Dex+7}
 28881 | Shoals:1 | Reached XP level 16. HP: 107/107 MP: 23/23
 28981 | Shoals:1 | Reached skill level 15 in Fighting
 29373 | Shoals:2 | Reached skill level 10 in Invocations
 30180 | Shoals:2 | Received a gift from Okawaru
 30180 | Shoals:2 | Found the +4 moon troll leather armour {Spirit, Regen++
                  | MP+5}
 30213 | Shoals:2 | Identified the +1 buckler of Ignis's Inspiration {Int+2}
 30580 | Shoals:3 | Found the +0 pair of fencer's gloves {Riposte Dex+3}
 30853 | Shoals:3 | Found Netui's Distillery.
 31348 | Shoals:4 | Entered Level 4 of the Shoals
 31761 | Shoals:4 | Noticed a kraken
 31847 | Shoals:4 | Killed a kraken
 31935 | Shoals:4 | Reached skill level 16 in Fighting
 31942 | Shoals:4 | Identified the +0 pair of gloves of the Slightly Bent
                  | {Will+ Int+4} (Okawaru gifted it to you on level 4 of the
                  | Shoals)
 31942 | Shoals:4 | Received a gift from Okawaru
 31960 | Shoals:4 | Got Ehexaih's Tome of Malediction and Transmigration
 32209 | Shoals:4 | Reached XP level 17. HP: 93/115 MP: 25/25
 32471 | Shoals:4 | Found Plog's Antique Armour Emporium.
 32725 | Shoals:4 | Noticed Ilsuiw
 32760 | Shoals:4 | Killed Ilsuiw
 33156 | Shoals:4 | Got a barnacled rune of Zot
 33295 | Snake:1  | Entered Level 1 of the Snake Pit
 33323 | Snake:1  | Received a gift from Okawaru
 33695 | Snake:1  | Received a gift from Okawaru
 33703 | Snake:1  | Reached skill level 17 in Fighting
 34438 | Snake:2  | Acquired the ring "Rafeegiff" {rF+ rN+ MP+9 Str+4}
 34466 | Snake:2  | Identified the +4 crystal plate armour "Nucobreq" {Will+
                  | Slay+3} (Okawaru gifted it to you on level 2 of the Snake
                  | Pit)
 34466 | Snake:2  | Received a gift from Okawaru
 34668 | Snake:2  | Reached skill level 5 in Stealth
 34774 | Snake:2  | Found an iron altar of Okawaru.
 34894 | Snake:2  | Reached XP level 18. HP: 124/124 MP: 27/27
 34965 | Snake:2  | Identified the ring of Wofakyxt {Str+4 Int+6 Dex-2 Slay+3}
 35616 | Snake:3  | Reached skill level 18 in Fighting
 35730 | Snake:3  | Received a gift from Okawaru
 36315 | Snake:3  | Found Gurghaat's Jewellery Shoppe.
 36315 | Snake:3  | Found Nuse's Book Boutique.
 36316 | Snake:3  | Found Faroex's Jewellery Shoppe.
 36330 | Snake:3  | Bought the ring "Paituepi" {+Blink Fly Will+++ Int-5 Dex+6}
                  | for 1280 gold pieces
 36370 | Snake:4  | Entered Level 4 of the Snake Pit
 36726 | Snake:4  | Received a gift from Okawaru
 36793 | Snake:4  | Received a gift from Okawaru
 36844 | Snake:4  | Reached skill level 19 in Fighting
 36894 | Snake:4  | Noticed Vashnia
 37124 | Snake:4  | Received a gift from Okawaru
 37145 | Snake:4  | Killed Vashnia
 37309 | Snake:4  | Found Xutiudol's Assorted Antiques.
 37665 | Snake:4  | Reached XP level 19. HP: 134/134 MP: 28/28
 37960 | Snake:4  | Found a runed translucent door.
 37961 | Snake:4  | Noticed Aridwog's ghost (adept FoFi)
 38022 | Snake:4  | Killed Aridwog's ghost
 38024 | Snake:4  | Identified the +2 dagger of the Several Demons {drain, Fly
                  | rPois Dex+3 Stlth+}
 38214 | Snake:4  | Got a serpentine rune of Zot
 38413 | Lair:2   | Killed Rupert
 38572 | Elf:1    | Entered Level 1 of the Elven Halls
 38613 | Elf:1    | Found Muis's Magic Scroll Shoppe.
 38626 | Elf:1    | Noticed Agnes
 38644 | Elf:1    | Reached skill level 20 in Fighting
 38654 | Elf:1    | Killed Agnes
 38680 | Elf:1    | Identified the +10 morningstar "Beast's Nightmare" {freeze,
                  | rF+++ Str-2 Int-2 SInv} (Okawaru gifted it to you on level
                  | 1 of the Elven Halls)
 38680 | Elf:1    | Received a gift from Okawaru
 38710 | Elf:1    | Found Dimyses's Book Emporium.
 38779 | Elf:1    | Found a crumbling gateway.
 38808 | Desolati | Entered the Desolation of Salt
 39180 | Desolati | Received a gift from Okawaru
 39441 | Desolati | Identified the ring "Woad" {rPois rCorr Int+2 Dex+6 Stlth+}
 39516 | Desolati | Identified the +2 flail of Chagrin {protect, Int+3}
 39519 | Desolati | Identified the ring "Jumirr" {Fire rElec Will+ rCorr Int-3}
 39521 | Desolati | Got Sif Muna's Volume of Mutagenic Translocation
 39676 | Desolati | Identified the ring "Icokexa" {Will+ Dex+2}
 39711 | Desolati | Reached skill level 21 in Fighting
 39736 | Desolati | Got Seewew's Incunabulum of Burning Weightlessness
 39739 | Desolati | Identified the +11 falchion of Zuso {drain, Str+2}
 39762 | Desolati | Received a gift from Okawaru
 39786 | Desolati | Found the +1 cloak of Starlight {*Dazzle EV+4 Stlth--}
 39828 | Desolati | Identified the ring "Unuawouw" {rC+ Int+3 SInv}
 40050 | Desolati | Identified the +0 leather armour of Anilianu {Drain rN++}
 40113 | Desolati | Identified the ring of Yredelemnul's Respect {Will+ Dex+4}
 40128 | Desolati | Identified the ring "Feinutats" {Ice Will+}
 40130 | Desolati | Identified the +11 hand crossbow "Folop" {vorpal, rPois}
 40439 | Elf:1    | Reached XP level 20. HP: 84/144 MP: 17/30
 40473 | Elf:1    | Bought a manual of Maces & Flails for 1040 gold pieces
 40681 | Elf:1    | Found Iread's Jewellery Shop.
 40732 | Elf:1    | Identified the +0 scale mail "Zokua" {*Slow rF+ Dex+6}
                  | (Okawaru gifted it to you on level 1 of the Elven Halls)
 40732 | Elf:1    | Received a gift from Okawaru
 40752 | Elf:1    | Found Masaa's Assorted Antiques.
 41381 | Elf:2    | Found a runed translucent gate.
 41382 | Elf:2    | Found a runed translucent gate.
 41382 | Elf:2    | Found a runed translucent gate.
 42038 | Elf:3    | Entered Level 3 of the Elven Halls
 42092 | Elf:3    | Reached skill level 15 in Shields
 42099 | Elf:3    | Identified the +5 demon trident of Siecsin {vamp, rC++}
                  | (Okawaru gifted it to you on level 3 of the Elven Halls)
 42099 | Elf:3    | Received a gift from Okawaru
 42123 | Elf:3    | Identified the ring "Ohycisch" {rElec rF+ rC+ Int+6}
 42164 | Elf:3    | Reached skill level 22 in Fighting
 42318 | Elf:3    | Identified the +1 leather armour "Jiurchaap" {-Tele rN++}
 42395 | Elf:3    | Identified the ring of Qosissaf {rF+ rC- Dex+5 Slay+4}
 42455 | Elf:3    | Identified the +8 scimitar "Killer Bee's Foe" {distort,
                  | *Slow rElec rC+++ Dex+7}
 42459 | Elf:3    | Identified the +1 ring mail of Courage {Harm rF+}
 42472 | Elf:3    | Identified the amulet of the Median {Regen+ Int+4 Dex+5}
 42485 | Elf:3    | Received a gift from Okawaru
 42507 | Elf:3    | Identified the +7 trident of Kikubaaqudgha's Whim {pain,
                  | Int+5 Dex+3}
 42511 | Elf:3    | Found the +2 shield of Resistance {rF++ rC++ Will++}
 42540 | Elf:3    | Cast into level 2 of the Abyss (deep elf demonologist)
 42650 | Abyss:2  | Noticed a dread lich
 42661 | Abyss:2  | Killed a dread lich
 42679 | Abyss:2  | Gained mutation: Your body sometimes deteriorates upon
                  | taking damage. [a neqoxec]
 42697 | Abyss:2  | Identified the ring of the Final Decision {rN+ AC+4 Int+2}
 42703 | Abyss:2  | Identified the +2 glaive "Zouch" {elec, rC+ Will+ SInv}
 42782 | Elf:3    | Escaped the Abyss
 42810 | Elf:3    | Identified the +7 flail "Efeytiq" {vorpal, *Slow rC+ rN++
                  | Str+3}
 43602 | Elf:2    | Lost mutation: Your body sometimes deteriorates upon taking
                  | damage. [potion of mutation]
 43602 | Elf:2    | Gained mutation: Potions are less effective at restoring
                  | your health. [potion of mutation]
 43602 | Elf:2    | Gained mutation: You are partially covered in iridescent
                  | scales. (AC +2) [potion of mutation]
 43775 | Vaults:1 | Entered Level 1 of the Vaults
 43826 | Vaults:1 | Reached XP level 21. HP: 152/152 MP: 31/31
 43882 | Vaults:1 | Identified the +2 battleaxe of the Realm of Zot {freeze,
                  | rF- rC+ Int+4 Dex+2} (Okawaru gifted it to you on level 1
                  | of the Vaults)
 43882 | Vaults:1 | Received a gift from Okawaru
 44252 | Vaults:1 | Identified the +9 hand axe "Gockop" {vamp, rElec} (Okawaru
                  | gifted it to you on level 1 of the Vaults)
 44252 | Vaults:1 | Received a gift from Okawaru
 45003 | Vaults:1 | Reached skill level 15 in Invocations
 45242 | Vaults:2 | Received a gift from Okawaru
 45481 | Vaults:2 | Reached skill level 23 in Fighting
 45740 | Vaults:2 | Identified the +5 kite shield of the Hanged Man {rC+ Dex+3}
                  | (Okawaru gifted it to you on level 2 of the Vaults)
 45740 | Vaults:2 | Received a gift from Okawaru
 45763 | Vaults:2 | Acquired a manual of Axes
 45765 | Vaults:2 | Acquired a manual of Armour
 45767 | Vaults:2 | Acquired a manual of Maces & Flails
 45769 | Vaults:2 | Acquired the +8 mithril axe "Arga" {speed, Will+}
 45769 | Vaults:2 | Found the +8 mithril axe "Arga" {speed, Will+}
 46227 | Vaults:2 | Found a portal to a secret trove of treasure.
 46439 | Vaults:3 | Found a staircase to the Crypt.
 46663 | Vaults:3 | Reached XP level 22. HP: 129/160 MP: 30/33
 46786 | Vaults:3 | Identified the +8 flail of Descent {flame, MP+9}
 47511 | Vaults:3 | Noticed Aizul
 47525 | Vaults:3 | Killed Aizul
 47684 | Vaults:4 | Identified the -4 cloak "Tivvol" {Str+8 Stlth-} (Okawaru
                  | gifted it to you on level 4 of the Vaults)
 47684 | Vaults:4 | Received a gift from Okawaru
 47997 | Vaults:4 | Identified the +7 chain mail of Duck's Teeth {Rampage rC-
                  | Dex+2}
 48442 | Vaults:4 | Reached skill level 24 in Fighting
 48455 | Vaults:4 | Received a gift from Okawaru
 48891 | Vaults:5 | Entered Level 5 of the Vaults
 48947 | Vaults:5 | Reached XP level 23. HP: 87/167 MP: 15/35
 48984 | Vaults:5 | Reached skill level 10 in Stealth
 48993 | Vaults:5 | Reached skill level 10 in Axes
 49176 | Vaults:5 | Identified the +9 bardiche of Disarray {protect, rC+}
                  | (Okawaru gifted it to you on level 5 of the Vaults)
 49176 | Vaults:5 | Received a gift from Okawaru
 49196 | Vaults:5 | Identified the +6 leather armour of Rukocw {Rampage Fly
                  | Int-4 SInv}
 49205 | Vaults:5 | HP: 6/168 [titan (56)]
 49243 | Vaults:5 | Identified the ring "Piguuff" {Fly Str-2 Slay+4}
 49534 | Vaults:5 | Received a gift from Okawaru
 49741 | Vaults:5 | Got the Volume of the Earthen Volcanoes
 50033 | Vaults:5 | Identified the amulet "Xebum" {Acrobat rC++ MP+9 Slay+5}
 50067 | Vaults:5 | Got Luddaf's Reference Book on Beguiling
 50211 | Vaults:5 | Identified the +4 war axe "Diukeasi" {freeze, rPois MP+9}
                  | (Okawaru gifted it to you on level 5 of the Vaults)
 50211 | Vaults:5 | Received a gift from Okawaru
 50296 | Vaults:5 | Noticed a dread lich
 50312 | Vaults:5 | Killed a dread lich
 50360 | Vaults:5 | Identified the +5 long sword of Bloody Death {flame, rElec
                  | rCorr}
 50445 | Vaults:5 | Reached skill level 25 in Fighting
 50499 | Vaults:5 | Identified the +1 plate armour "Afoketzo" {Str+4 Int+5}
 50504 | Vaults:5 | Got a silver rune of Zot
 50610 | Vaults:5 | Identified the +3 chain mail "Oriheari" {Harm rC- rN+
                  | Dex+4}
 51072 | Depths:1 | Entered Level 1 of the Depths
 51236 | Depths:1 | Found a transporter.
 51237 | Depths:1 | Found a transporter.
 51373 | Depths:1 | Reached XP level 24. HP: 174/176 MP: 35/35
 51414 | Depths:1 | Found Mosups's Magic Scroll Shoppe.
 51435 | Depths:1 | Bought a scroll of blinking for 82 gold pieces
 51435 | Depths:1 | Bought 2 scrolls of holy word for 165 gold pieces
 51435 | Depths:1 | Bought a scroll of teleportation for 33 gold pieces
 51484 | Depths:1 | Identified the +1 helmet "Gikikya" {Str+2} (Okawaru gifted
                  | it to you on level 1 of the Depths)
 51484 | Depths:1 | Received a gift from Okawaru
 51564 | Depths:1 | Identified the +6 arbalest of Checkmate {flame, rF+}
 51577 | Depths:1 | You are sucked into a shaft and drop 1 floor!
 51685 | Depths:2 | Acquired 904 gold pieces
 51714 | Depths:2 | Noticed the Enchantress
 51727 | Depths:2 | Killed the Enchantress
 51855 | Depths:2 | Found a one-way gateway to a ziggurat.
 51948 | Depths:2 | Found a one-way gate leading to the halls of Pandemonium.
 52135 | Depths:2 | Found a gateway to Hell.
 52491 | Depths:3 | Found a one-way gate to the infinite horrors of the Abyss.
 52731 | Depths:3 | Reached skill level 15 in Axes
 52744 | Depths:3 | Received a gift from Okawaru
 52997 | Depths:3 | Found an ornate altar of the Wu Jian Council.
 53076 | Depths:3 | Received a gift from Okawaru
 53185 | Depths:3 | Received a gift from Okawaru
 53248 | Depths:3 | Noticed a caustic shrike
 53266 | Depths:3 | Killed a caustic shrike
 53992 | D:11     | Bought a scroll of brand weapon for 320 gold pieces
 54070 | Orc:2    | Bought a potion of heal wounds for 55 gold pieces
 54070 | Orc:2    | Bought a potion of resistance for 110 gold pieces
 54070 | Orc:2    | Bought a potion of heal wounds for 55 gold pieces
 54070 | Orc:2    | Bought a potion of heal wounds for 55 gold pieces
 54070 | Orc:2    | Bought a potion of mutation for 88 gold pieces
 54072 | Orc:2    | Bought a scroll of magic mapping for 45 gold pieces
 54072 | Orc:2    | Bought a scroll of blinking for 97 gold pieces
 54072 | Orc:2    | Bought a scroll of holy word for 97 gold pieces
 54222 | Depths:1 | Found a radiant altar of Vehumet.
 54322 | Depths:1 | Found a transporter.
 54324 | Depths:1 | Found a transporter.
 54449 | Depths:1 | Found a transporter.
 54466 | Depths:1 | Found a transporter.
 54470 | Depths:1 | Noticed Asterion
 54488 | Depths:1 | Killed Asterion
 54871 | Depths:4 | Entered Level 4 of the Depths
 54919 | Depths:4 | Reached skill level 26 in Fighting
 54930 | Depths:4 | Reached XP level 25. HP: 181/184 MP: 35/35
 54935 | Depths:4 | Identified the +5 ring mail "Painwep" {-Tele rN+ rCorr}
                  | (Okawaru gifted it to you on level 4 of the Depths)
 54935 | Depths:4 | Received a gift from Okawaru
 54991 | Depths:4 | Noticed Boris
 55011 | Depths:4 | Killed Boris
 55037 | Depths:4 | Noticed Jory
 55101 | Depths:4 | Killed Jory
 55147 | Depths:4 | Found a gate to the Realm of Zot.
 55157 | Depths:4 | Received a gift from Okawaru
 56762 | Crypt:1  | Entered Level 1 of the Crypt
 56838 | Crypt:1  | Found an ancient bone altar of Kikubaaqudgha.
 57020 | Crypt:1  | Noticed Margery
 57072 | Crypt:1  | Killed Margery
 57539 | Crypt:1  | Noticed Frederick
 57551 | Crypt:1  | Killed Frederick
 57606 | Crypt:1  | Got the Guide on Fiery Hexes
 58098 | Crypt:2  | Identified the +10 falchion "Hacw" {freeze, rPois}
 58417 | Crypt:2  | Received a gift from Okawaru
 58417 | Crypt:2  | Noticed an ancient lich
 58433 | Crypt:2  | Killed an ancient lich
 58444 | Crypt:2  | Reached skill level 27 in Fighting
 58518 | Crypt:2  | Found the +6 Majin-Bo {vamp, MP+6 Int+6}
 58829 | Crypt:3  | Entered Level 3 of the Crypt
 58963 | Crypt:3  | Reached XP level 26. HP: 193/193 MP: 36/36
 59046 | Crypt:3  | Found a staircase to the Tomb.
 59046 | Crypt:3  | Noticed a royal mummy
 59080 | Crypt:3  | Killed a royal mummy
 59392 | Crypt:3  | Received a gift from Okawaru
 59588 | Crypt:3  | Identified the +9 broad axe of Termination {elec, rPois
                  | Str+2} (Okawaru gifted it to you on level 3 of the Crypt)
 59588 | Crypt:3  | Received a gift from Okawaru
 59607 | Crypt:3  | Found an ancient bone altar of Kikubaaqudgha.
 59825 | Crypt:3  | Noticed an ancient lich
 59850 | Crypt:3  | Killed an ancient lich
 59859 | Crypt:3  | Identified the ring of the Enemy {rElec rN+ Stlth+}
 59859 | Crypt:3  | Identified the ring "Pumpa" {rElec rN+}
 60489 | Crypt:3  | Got the Papyrus of Darkness
 60765 | Vaults:2 | Identified the +6 morningstar of Gaifeu {vorpal, Str+6}
                  | (Okawaru gifted it to you on level 2 of the Vaults)
 60765 | Vaults:2 | Received a gift from Okawaru
 61004 | Zot:1    | Entered Level 1 of the Realm of Zot
 61366 | Zot:1    | Received a gift from Okawaru
 61419 | Zot:1    | Reached skill level 15 in Armour
 62193 | Zot:2    | Received a gift from Okawaru
 62194 | Zot:2    | Reached XP level 27. HP: 97/199 MP: 12/36
 62595 | Temple   | Fell from the grace of Okawaru
 62595 | Temple   | Became a worshipper of Zin the Law-Giver
 62595 | Temple   | Reached * piety under Zin
 62595 | Temple   | Reached ** piety under Zin
 62595 | Temple   | Reached *** piety under Zin
 62910 | Depths:3 | Voluntarily entered the Abyss.
 63341 | Abyss:2  | Paralysed by accursed screaming for 1 turns
 63804 | Abyss:4  | Found a sparkling altar of Nemelex Xobeh.
 63991 | Abyss:4  | Got an abyssal rune of Zot
 64018 | Depths:3 | Escaped the Abyss
 64692 | Zot:2    | Noticed an orb of fire
 64773 | Zot:2    | Gained mutation: You tend to lose your temper in combat.
                  | [an orb of fire]
 64775 | Zot:2    | Gained mutation: You occasionally shout uncontrollably at
                  | your foes. [an orb of fire]
 64786 | Zot:2    | Killed an orb of fire
 65313 | Zot:2    | Identified the +1 dagger of Ameiguz {flame, rElec}
 65314 | Zot:2    | Got Omun's Incunabulum of The Black Sun
 65919 | Zot:3    | Reached **** piety under Zin
 66600 | Zot:3    | Noticed an orb of fire
 66620 | Zot:3    | Gained mutation: You are occasionally teleported next to
                  | monsters. [an orb of fire]
 66622 | Zot:3    | Killed an orb of fire
 67058 | Zot:4    | Found a runed translucent door.
 67066 | Zot:4    | Found a shimmering altar of Xom.
 67066 | Zot:4    | Noticed Etiafa's ghost (legendary TrWz)
 67070 | Zot:4    | Identified the +1 robe "Pirodidgh" {Dex+4 Stlth+}
 67104 | Zot:4    | Noticed an orb of fire
 67105 | Zot:4    | Noticed an orb of fire
 67196 | Zot:3    | Killed an orb of fire
 67463 | Zot:4    | Reached ***** piety under Zin
 67631 | Zot:4    | Gained mutation: Your spells are a little easier to cast,
                  | but a little less powerful. [an orb of fire]
 67647 | Zot:4    | Killed an orb of fire
 68531 | Zot:5    | Entered Level 5 of the Realm of Zot
 68815 | Zot:5    | Noticed a dread lich
 68817 | Zot:5    | Noticed a dread lich
 69127 | Zot:5    | Noticed a dread lich
 69144 | Zot:5    | Noticed a dread lich
 69154 | Zot:5    | Killed a dread lich
 69158 | Zot:5    | Noticed a dread lich
 69166 | Zot:5    | Killed a dread lich
 69170 | Zot:5    | Noticed a dread lich
 69174 | Zot:5    | Killed a dread lich
 69181 | Zot:5    | Noticed an orb of fire
 69186 | Zot:5    | Killed a dread lich
 69199 | Zot:5    | Noticed an ancient lich
 69234 | Zot:5    | Killed an orb of fire
 69432 | Zot:5    | Noticed an orb of fire
 69463 | Zot:5    | Killed an orb of fire
 69896 | Zot:5    | Noticed an ancient lich
 69908 | Zot:5    | Noticed an orb of fire
 69920 | Zot:5    | Noticed an ancient lich
 69926 | Zot:5    | Killed from afar by an ancient lich

Illustrated notes

Levels and vault maps discovered:
D:1:      minmay_arrival_widening_spiral_narrow, layout_rooms,
          shapermc_ecumenical_altar_petra
D:2:      minmay_skewed_foursquare, layout_rooms
D:3:      layout_loops_ring, uniq_ijyb, uniq_sigmund, uniq_grinder
D:4:      layout_loops_cross, uniq_crazy_yiuf_cottage
D:5:      layout_rooms, uniq_eustachio
D:6:      layout_loops_ring, uniq_menkaure
D:7:      layout_cave_pools, minmay_temple_entry_gardened_gates,
          hangedman_decor_lopped, amcnicky_mini_pool_small
D:8:      nicolae_cairo_tiling_large_dashed, layout_gridville
D:9:      minmay_clustersquares, layout_basic, kennysheep_mini,
          gammafunk_ghost_nasty_kobolds, enter_bailey_2
D:10:     layout_long_grid, orc_0_dummy, disabler_island
D:11:     layout_rooms, serial_shops, shop
D:12:     kennysheep_blocky_room, layout_basic, portal_ice_cave_demonic_guard,
          minmay_guarded_unrand_finisher
D:13:     layout_loops_cross, grunt_vaults_entry_tiered, fedhas_altar_2
D:14:     layout_basic, serial_park_tiny_2
D:15:     grunt_enter_depths_snipers, layout_loops_ring,
          chequers_serial_rivers_micro_d, nicolae_elyvilon_temple_path
Temple:   roderic_octagonal_lattice_temple
Lair:1:   layout_roguey [special_room_bee], st_stairs_8
Lair:2:   wad_woods_tower, layout_loops_ring, elwin_shoals_entry_rocks,
          dummy_snake_entry, infiniplex_staircase_pool
Lair:3:   layout_concentric_octagons, infiniplex_staircase_pool_2, uniq_rupert
Lair:4:   layout_layer_cave
Lair:5:   layout_gridlike
Lair:6:   wormcave, layout_gridlike, dpeg_slime_entry_enclosed_altar,
          gammafunk_ghost_necromancy
Shoals:1: layout_shoals
Shoals:2: layout_shoals, nicolae_shoals_land_atoll
Shoals:3: layout_shoals, nicolae_shoals_c_island
Shoals:4: shoals_end_hangedman, layout_shoals, shoal_ilsuiw, serial_shops,
          nicolae_shop_overgrown_old_shop, nicolae_shoals_isolated_beach
Snake:1:  layout_onion_interference, grunt_megastairs_4, lemuel_fruit_tree
Snake:2:  layout_basic, basic_altar
Snake:3:  layout_basic, minmay_shop_grove
Snake:4:  grunt_snake_rune_serpentine_throne, layout_cave_town,
          gammafunk_ghost_grave, serial_shops, shop
Orc:1:    layout_caves, basic_altar
Orc:2:    st_orc_mages, layout_caves
Elf:1:    elf_arrival_002, layout_loops_cross, serial_shops,
          nicolae_take_the_stairs, nicolae_shop_hallway_plus, shop, shop,
          portal_desolation_entry_nicolae_slug, minmay_elf_necromancy,
          uniq_agnes
Elf:2:    nicolae_elf_blades_crystal_corner, layout_geoelf_grid, st_stairs_4
Elf:3:    grunt_elf_hall_spiral, layout_onion_city, serial_sigils_hangedman_snap
Vaults:1: ontoclasm_vaults_ring_square, nicolae_vaults_little_squares_3,
          hangedman_vaults_hat, vaults_dpeg_encased_lava, v_misc_17,
          vaults_room_door_hall, grunt_vaults_funnel,
          nicolae_vaults_sealed_display, ontoclasm_vaults_eye, v_misc_27,
          v_misc_22, nicolae_vaults_little_squares_4, v_alt_pattern_1,
          nicolae_vaults_murderbox, layout_vaults_big_cross
Vaults:2: v_misc_1, st_smaller_cells, nicolae_vaults_little_squares_5,
          hangedman_vaults_cutoff, nicolae_vaults_circle_grid_b,
          ontoclasm_vaults_fault, v_pattern_1, vaults_mumra_hexcomb, v_rooms_2,
          hangedman_vaults_trim, vaults_room_hallway, nicolae_vaults_rhombus_6,
          layout_vaults_big_room, nicolae_trove_entry_path_of_doom
Vaults:3: nicolae_vaults_mini_display_case, nicolae_vaults_network_quincunx
          [nicolae_vaults_network_quincunx_subvault,
          nicolae_vaults_network_quincunx_subvault,
          nicolae_vaults_network_quincunx_subvault,
          nicolae_vaults_network_quincunx_subvault,
          nicolae_vaults_network_quincunx_subvault],
          minmay_crypt_entry_simple_box, hangedman_vaults_maws,
          vaults_dpeg_diagonal, nicolae_vaults_rhombus_6,
          vaults_room_guarded_vault, layout_vaults_omnigrid, uniq_aizul
Vaults:4: v_misc_12, hangedman_vaults_slice, v_misc_8, v_alt_pattern_4,
          nicolae_vaults_hallways_thing, hangedman_vaults_river_flow,
          vaults_dpeg_hooks, vaults_mumra_hex, vaults_room_stairs_pillars,
          hangedman_vaults_stretched_pinwheel, layout_vaults_maze_bifur
Vaults:5: serial_shops
Crypt:1:  layout_gridlike, basic_altar, grunt_megastairs_2,
          grunt_crypt_arrival_guarded_gate, uniq_margery, uniq_frederick
Crypt:2:  minmay_guarded_unrand_majin_bo, layout_misc_corridors
Crypt:3:  evilmike_haunted_forest
Depths:1: layout_gridlike, serial_shops, shop, nicolae_vehumet_radiance,
          pf_hell_entry_tar_spiral, minmay_misc_feat_enclosed,
          amcnicky_mini_rare_corridor_liquid, grunt_decor_cap,
          serial_nicolae_subway, nicolae_sub_station_metal,
          nicolae_sub_station_stone, nicolae_sub_station_crystal, uniq_asterion
Depths:2: minmay_ambush_box, layout_basic, enter_ziggurat_f,
          rand_demon_pan_entry_8, chequers_serial_rivers_marsh, hell_entry,
          uniq_enchantress
Depths:3: minmay_sliced_demisemicircle, layout_gridlike, pan_entry,
          grunt_mini_vestibule, abyss_entry, pdpol_wu_jian_five_deadly_venoms
Depths:4: grunt_zot_entry_bicorn, layout_cave_pools, hell_entry,
          serial_co_window_serial, co_window_paths_a,
          co_window_of_opportunity_a, co_window_corner_a, co_window_paths_a,
          co_window_paths_a, co_window_of_opportunity_b,
          co_window_of_opportunity_c, co_window_broadway_c,
          co_window_broadway_b, co_window_2corner, co_window_paths_e,
          glass_columns_a, glass_columns_c, glass_columns_a,
          nicolae_burly_brawl, uniq_jory, uniq_boris
Zot:1:    layout_gridlike, st_stairs_1
Zot:2:    dreamdust_black_sun_cult, layout_cathedral_of_symmetry,
          bh_zot_levy_curve, drop_trap, zot_minivault_7
Zot:3:    layout_twisted_circle
Zot:4:    layout_basic, ebering_ghost_xom, lemuel_lake_of_fire,
          grunt_megastairs_5
Zot:5:    layout_cathedral_of_symmetry, grunt_ministairs_2

Skill      XL: |  1  2  3  4  5  6  7  8  9 10 11 12 13 14 15 16 17 18 19 20 21 22 23 24 25 26 27 |
---------------+----------------------------------------------------------------------------------+-----
Maces & Flails | 3 4 5 6 8 9 11 12 13 14 15 16 17 19 21 23 | 23.9
Armour         | 4 5 6 7 8 9 10 11 12 13 15 19 | 19.0
Fighting       | 4 5 6 7 8 9 11 13 14 16 17 19 21 22 23 24 25 26 27 | 27.0
Dodging        | 1 2 3 4 5 6 |  6.4
Shields        | 4 5 7 8 9 10 11 12 13 14 15 16 17 18 19 21 | 21.4
Stealth        | 1 2 3 4 5 6 7 8 9 10 11 12 | 12.6
Evocations     | 1 |  1.6
Invocations    | 4 6 8 9 11 12 13 14 15 16 17 18 19 20 | 20.8
Axes           | 1 2 5 8 9 13 15 17 19 20 | 20.9
Throwing       | 2 4 |  4.2

Action                   |  1- 3 |  4- 6 |  7- 9 | 10-12 | 13-15 | 16-18 | 19-21 | 22-24 | 25-27 || total
-------------------------+-------+-------+-------+-------+-------+-------+-------+-------+-------++-------
Melee: Flail             |   101 |   110 |       |    10 |    34 |    17 |       |       |       ||   272
       Mace              |       |    22 |   291 |   836 |  1501 |       |       |       |       ||  2650
       Hand axe          |       |       |       |     8 |    27 |       |       |       |       ||    35
       Morningstar       |       |       |       |       |   100 |       |  1420 |   522 |       ||  2042
       Broad axe         |       |       |       |       |   286 |  1338 |   114 |  1234 |  2260 ||  5232
       War axe           |       |       |       |       |       |       |       |       |   373 ||   373
Throw: Boomerang         |       |       |       |     2 |    15 |     1 |     1 |       |       ||    19
       Javelin           |       |       |       |       |       |       |       |     2 |     5 ||     7
Invok: Heroism           |       |       |       |     1 |     5 |     9 |     3 |       |     2 ||    20
       Finesse           |       |       |       |     1 |     3 |     1 |       |     1 |     2 ||     8
       Recite            |       |       |       |       |       |       |       |       |     2 ||     2
 Abil: Evoke Blink       |       |       |       |       |     1 |       |       |       |       ||     1
Evoke: Wand              |       |       |       |     9 |     2 |       |       |       |       ||    11
  Use: Scroll            |       |       |       |    16 |    18 |     9 |     9 |    10 |    19 ||    81
       Potion            |       |       |       |     1 |     8 |     6 |     1 |     2 |     4 ||    22
 Stab: Distracted        |       |       |       |       |     2 |     3 |     2 |     3 |    11 ||    21
       Sleeping          |       |       |       |       |     3 |    24 |    26 |     8 |    25 ||    86
       Invisible         |       |       |       |       |       |       |    15 |    51 |     3 ||    69
Armor: Scale mail        |    81 |    91 |   155 |   394 |   991 |   431 |       |       |       ||  2143
       Skin              |       |     2 |       |       |       |       |       |       |       ||     2
       Troll leather arm |       |       |       |       |       |   361 |   628 |   498 |   960 ||  2447
Dodge: Dodged            |    72 |    55 |   119 |   426 |   987 |   914 |   677 |   609 |   831 ||  4690
Block: Buckler           |    45 |    43 |    69 |   248 |   592 |   695 |   365 |       |       ||  2057
       Kite shield       |       |       |       |       |       |       |   437 |  1045 |  1518 ||  3000
       Rpst.: Broad axe  |       |       |       |       |       |   132 |    12 |    66 |   124 ||   334
       Morningstar       |       |       |       |       |       |       |   132 |    48 |       ||   180
       War axe           |       |       |       |       |       |       |       |       |    16 ||    16

Table legend: (Time is in decaauts)
 A = Elapsed time spent in this place.
 B = Non-inter-level travel time spent in this place.
 C = Inter-level travel time spent in this place.
 D = Time resting spent in this place.
 E = Time spent auto-exploring this place.
 F = Levels seen in this place.
 G = Mean time per level.
                   A        B        C        D        E       F      G
               +--------+--------+--------+--------+--------+-----+--------+
         Total |  67294 |  61413 |   5881 |   3998 |  38277 |  61 | 1103.2 |
       Dungeon |  18894 |  16657 |   2237 |   1737 |  11250 |  15 | 1259.6 |
        Temple |    357 |    275 |     82 |      0 |    246 |   1 |  357.0 |
          Lair |   6518 |   5985 |    533 |     62 |   4515 |   6 | 1086.3 |
        Shoals |   4740 |   4558 |    182 |    188 |   2834 |   4 | 1185.0 |
     Snake Pit |   5023 |   4794 |    229 |     40 |   3292 |   4 | 1255.8 |
  Orcish Mines |   1738 |   1438 |    300 |    179 |    745 |   2 |  869.0 |
   Elven Halls |   3440 |   3080 |    360 |      0 |   1949 |   3 | 1146.7 |
        Vaults |   6984 |   6287 |    697 |      9 |   4118 |   5 | 1396.8 |
         Crypt |   3560 |   3258 |    302 |      0 |   2297 |   3 | 1186.7 |
        Depths |   4404 |   3754 |    650 |     10 |   2722 |   4 | 1101.0 |
           Zot |   6533 |   6229 |    304 |    475 |   3456 |   5 | 1306.6 |
         Abyss |   1593 |   1593 |      0 |    106 |    230 |   6 |  265.5 |
        Bailey |    501 |    501 |      0 |    191 |      0 |   1 |  501.0 |
      Ice Cave |   1678 |   1678 |      0 |    994 |    268 |   1 | 1678.0 |
    Desolation |   1325 |   1325 |      0 |      6 |    354 |   1 | 1325.0 |
               +--------+--------+--------+--------+--------+-----+--------+

Top non-repeatable levels by time:
    D:10: 2175 daAuts
    D:12: 2135 daAuts
     D:9: 1835 daAuts
Shoals:4: 1834 daAuts
 Snake:4: 1832 daAuts
   IceCv: 1678 daAuts
   Zot:2: 1656 daAuts
Vaults:5: 1651 daAuts
 Crypt:3: 1575 daAuts
  Lair:6: 1565 daAuts
Vaults:3: 1490 daAuts
Vaults:1: 1485 daAuts
    D:15: 1465 daAuts
   Zot:3: 1418 daAuts
     D:4: 1418 daAuts
